 Dungeon Crawl Stone Soup version 0.23-a0-650-ga4d50d4 (console) character file.

14 Duffy the Firebug (level 2, 19/19 HPs)
             Began as a Demonspawn Fire Elementalist on Jan 4, 2019.
             Quit the game on level 2 of the Dungeon.
             The game lasted 00:00:19 (203 turns).

Duffy the Firebug (Demonspawn Fire Elementalist)     Turns: 203, Time: 00:00:20

Health: 19/19      AC:  2    Str:  8    XL:     2   Next: 31%
Magic:  5/5        EV: 12    Int: 16    God:
Gold:   0          SH:  0    Dex: 13    Spells: 4/5 levels left

rFire    . . .     SeeInvis .   (no weapon)
rCold    . . .     Gourm    .   (no shield)
rNeg     . . .     Faith    .   a - +0 robe
rPois    .         Spirit   .   (helmet restricted)
rElec    .         Reflect  .   (no cloak)
rCorr    .         Harm     .   (no gloves)
MR       .....                  (no boots)
Stlth    ++........             (no amulet)
HPRegen  0.06/turn              (no ring)
MPRegen  0.09/turn              (no ring)

@: no status effects
A: horns 1
a: no special abilities


You were on level 2 of the Dungeon.
You were not hungry.

You visited 1 branch of the dungeon, and saw 2 of its levels.

Inventory:

Armour
 a - a +0 robe (worn)
Scrolls
 b - a scroll of identify {unknown}
Comestibles
 c - a ration
 d - 2 chunks of flesh


   Skills:
 - Level 1.7 Dodging
 - Level 1.7 Stealth
 + Level 2.3 Spellcasting
 + Level 1.5 Conjurations
 + Level 2.9 Fire Magic


You had 4 spell levels left.
You knew the following spells:

 Your Spells              Type           Power        Failure   Level  Hunger
h - Flame Tongue          Conj/Fire      #....        8%          1    #......

Your spell library contained the following spells:

 Spells                   Type           Power        Failure   Level  Hunger
 Throw Flame              Conj/Fire      #.....       12%         2    ###....
 Conjure Flame            Conj/Fire      #.......     24%         3    ###....
 Inner Flame              Hex/Fire       #.......     32%         3    ###....
 Sticky Flame             Conj/Fire      #.......     61%         4    #####..
 Fireball                 Conj/Fire      #.........   91%         5    ######.


Dungeon Overview and Level Annotations

Branches:
Dungeon (2/15)

Altars:


Innate Abilities, Weirdness & Mutations

You have a pair of small horns on your head.


Message History

The flame tongue misses the adder.
The adder bites you.
Casting: Flame Tongue (safe; 9% risk of failure)
Confirm with . or Enter, or press ? or * to list all spells.
Aiming: Flame Tongue (safe; 9% risk of failure)
Press: ? - help, Shift-Dir - straight line, f/p - adder
Aim: an adder (almost dead)
The flame tongue hits the adder.
You kill the adder!
You have reached level 2!
Your demonic ancestry asserts itself...
A pair of horns grows on your head!
Found a stone staircase leading down.
You see here an adder corpse.
You butcher the adder corpse.
d - 2 chunks of flesh You see here an adder skeleton.
HP restored.
Things that are here:
a +0 club; a hobgoblin corpse Are you sure you want to abandon this character and quit the game? (Confirm

#.. #.#####.#.## .....
#.####.#.....#..###...
#.#...............#.# ?
#.#.#.######.#......# ..
#.#.#........##.#.#.####...
...........................
#.#........####.#.#)..####
#.#.#.####.# #.#.#...#
..#..... #.####..@##.##
###.#.#...........##.# #
....#.##.#####..##.###... #
#.### # #.....%........ ...
#.##..#.###...# # #. ##.#.#
.# # ..#.# ...#.# #......


There were no monsters in sight!

Vanquished Creatures
  An adder (D:2)
  A goblin (D:2)
  A hobgoblin (D:2)
  A quokka (D:2)
  2 bats
6 creatures vanquished.

Notes
Turn   | Place    | Note
-------+----------+-------------------------------------------
     0 | D:1      | Duffy the Demonspawn Fire Elementalist began the quest for
                  | the Orb.
     0 | D:1      | Reached XP level 1. HP: 13/13 MP: 3/3
   143 | D:2      | Gained mutation: You have a pair of small horns on your
                  | head. [demonic ancestry]
   143 | D:2      | Reached XP level 2. HP: 15/19 MP: 0/5
   203 | D:2      | Quit the game

Vault maps used:
D:1:      tarquinn_simple_flora_water_a, st_stairs_13, minmay_hedge_maze,
          minmay_misc_feat_rugged
D:2:      lemuel_round_altar, first_ration

Action                   || total
-------------------------++-------
 Cast: Flame Tongue      ||     9
Dodge: Dodged            ||     1

Table legend:
 A = Non-vault XP
 B = Vault XP
 C = Vault XP percentage of total XP
 D = Non-vault monster count
 E = Vault monster count
 F = Vault count percentage of total count
                 A         B        C        D         E       F
            +---------+---------+-------+---------+---------+-------
      Total |      21 |       0 |   0.0 |       6 |       0 |   0.0
            +---------+---------+-------+---------+---------+-------
        D:1 |       1 |       0 |   0.0 |       1 |       0 |   0.0
        D:2 |      20 |       0 |   0.0 |       5 |       0 |   0.0
            +---------+---------+-------+---------+---------+-------
